General information
- name: BNet
- type: Ladder team game (AT/RT)
- host: Battle.net
- saver: CowardlyDoNuttn
map: Deathknell
- players: 8
- length: 49:22
- speed: Fast
- version: 1.26 W3XP
- replay type: Public
» download(337 KB)
Players
team 1 (loser)
MASTA_K1LLA (
red | 66 APM | 2389 actions | 36:12)
8 Paladin
1 Holy Light
3 Devotion Aura
3 Divine Shield
1 Resurrection
» actions
| Basic commands | 394 | |
| Build / train | 96 | |
| ESC pressed | 14 | |
| Enter build submenu | 31 | |
| Enter hero's abilities submenu | 8 | |
| Remove unit from queue | 3 | |
| Right click | 1029 | |
| Select / deselect | 737 | |
| Use ability | 77 | |
2389 total
» units
| Peasant | 18 | |
| Footman | 5 | |
| Flying Machine | 24 | |
| Goblin Shredder | 1 | |
| Siege Engine | 8 | |
56 total
» upgrades
| Gunpowder | 3 | |
| Plating | 3 | |
| Lumber Harvesting | 1 | |
| Flak Cannons | 1 | |
| Flying Machine Bombs | 1 | |
| Barrage | 1 | |
10 total
» buildings
| Farm | 12 | |
| Barracks | 2 | |
| Altar of Kings | 1 | |
| Scout Tower | 4 | |
| Arcane Tower | 5 | |
| Lumber Mill | 1 | |
| Blacksmith | 1 | |
| Keep | 1 | |
| Town Hall | 3 | |
| Arcane Vault | 1 | |
| Castle | 1 | |
| Workshop | 4 | |
| Cannon Tower | 2 | |
38 total
» build order
00:21 Farm
01:09 Barracks
01:13 Farm
01:49 Altar of Kings
01:57 Farm
02:05 Scout Tower
02:34 Barracks
02:38 Arcane Tower
02:38 Arcane Tower
02:38 Arcane Tower
03:24 Farm
03:41 Lumber Mill
04:34 Blacksmith
04:42 Keep
05:16 Town Hall
06:02 Arcane Vault
07:18 Castle
07:22 Workshop
08:13 Workshop
09:55 Farm
10:59 Workshop
11:01 Workshop
11:08 Farm
11:57 Farm
12:36 Farm
13:31 Farm
13:48 Farm
13:51 Scout Tower
13:53 Scout Tower
14:08 Scout Tower
14:24 Cannon Tower
14:57 Cannon Tower
22:30 Farm
22:32 Farm
28:53 Town Hall
33:25 Town Hall
» items
| Scroll of Regeneration | 1 | |
| Scroll of Town Portal | 1 | |
| Orb of Fire | 1 | |
| Lesser Clarity Potion | 1 | |
| Potion of Healing | 2 | |
6 total
withintheMatrix (
pink | 53 APM | 1943 actions | 36:27)
6 Tauren Chieftain
2 Shockwave
3 Endurance Aura
1 Reincarnation
6 Shadow Hunter
3 Healing Wave
2 Hex
1 Big Bad Voodoo
» actions
| Assign group hotkey | 45 | |
| Basic commands | 222 | |
| Build / train | 105 | |
| Enter build submenu | 25 | |
| Enter hero's abilities submenu | 12 | |
| Give item / drop item | 2 | |
| Remove unit from queue | 3 | |
| Right click | 453 | |
| Select / deselect | 470 | |
| Select group hotkey | 523 | |
| Use ability | 83 | |
1943 total
» units
| Peon | 19 | |
| Grunt | 3 | |
| Shaman | 9 | |
| Tauren | 11 | |
| Troll Witch Doctor | 6 | |
| Troll Batrider | 7 | |
55 total
» upgrades
| Ranged Weapons | 3 | |
| Shaman Training | 2 | |
| Armor | 3 | |
| Pulverize | 1 | |
| Melee Weapons | 3 | |
| Witch Doctor Training | 2 | |
| Pillage | 1 | |
| Ensnare | 1 | |
| Liquid Fire | 1 | |
| Reinforced Defenses | 1 | |
| Spirit Walker Training | 1 | |
| Envenomed Spears | 1 | |
| War Drums Damage Increase | 1 | |
21 total
» buildings
| Altar of Storms | 1 | |
| Orc Burrow | 6 | |
| Barracks | 1 | |
| Voodoo Lounge | 1 | |
| Stronghold | 1 | |
| War Mill | 2 | |
| Great Hall | 2 | |
| Fortress | 1 | |
| Spirit Lodge | 2 | |
| Tauren Totem | 2 | |
| Beastiary | 2 | |
| Watch Tower | 1 | |
22 total
» build order
00:08 Altar of Storms
00:27 Orc Burrow
01:12 Barracks
01:30 Voodoo Lounge
01:48 Orc Burrow
02:52 Stronghold
03:45 War Mill
04:07 Orc Burrow
04:49 Great Hall
06:04 Fortress
06:37 Spirit Lodge
08:31 Tauren Totem
08:34 Tauren Totem
09:52 Orc Burrow
10:43 Spirit Lodge
12:04 Orc Burrow
13:29 Orc Burrow
13:32 Beastiary
14:10 War Mill
18:17 Beastiary
18:21 Watch Tower
24:25 Great Hall
» items
| Healing Salve | 1 | |
| Scroll of Speed | 3 | |
| Orb of Lightning | 2 | |
| Scroll of Town Portal | 4 | |
10 total

»
waterman609 (
yellow | 47 APM | 2300 actions | 49:22)
9 Death Knight
3 Death Coil
3 Unholy Aura
1 Animate Dead
2 Death Pact
» actions
| Basic commands | 7 | |
| Build / train | 76 | |
| Enter build submenu | 50 | |
| Enter hero's abilities submenu | 10 | |
| Right click | 1473 | |
| Select / deselect | 614 | |
| Use ability | 70 | |
2300 total
» units
| Acolyte | 19 | |
| Ghoul | 5 | |
| Crypt Fiend | 17 | |
| Frost Wyrm | 8 | |
49 total
» upgrades
| Creature Attack | 3 | |
| Creature Carapace | 3 | |
| Web | 1 | |
| Freezing Breath | 1 | |
8 total
» buildings
| Ziggurat | 14 | |
| Altar of Darkness | 1 | |
| Crypt | 2 | |
| Graveyard | 1 | |
| Tomb of Relics | 1 | |
| Halls of the Dead | 1 | |
| Nerubian Tower | 2 | |
| Necropolis | 1 | |
| Spirit Tower | 4 | |
| Black Citadel | 1 | |
| Sacrificial Pit | 1 | |
| Boneyard | 2 | |
| Scout Tower | 13 | |
44 total
» build order
00:24 Ziggurat
00:25 Altar of Darkness
00:59 Crypt
01:06 Graveyard
01:22 Ziggurat
02:17 Ziggurat
03:26 Tomb of Relics
04:32 Halls of the Dead
06:41 Ziggurat
06:50 Crypt
06:52 Nerubian Tower
09:36 Necropolis
09:39 Ziggurat
10:40 Spirit Tower
12:36 Black Citadel
13:57 Ziggurat
13:58 Ziggurat
14:17 Sacrificial Pit
15:21 Spirit Tower
15:37 Boneyard
15:52 Boneyard
16:37 Spirit Tower
16:38 Nerubian Tower
16:39 Spirit Tower
18:58 Ziggurat
19:50 Ziggurat
20:38 Ziggurat
28:57 Ziggurat
28:58 Ziggurat
29:01 Ziggurat
29:03 Ziggurat
39:41 Scout Tower
39:42 Scout Tower
39:44 Scout Tower
39:49 Scout Tower
39:52 Scout Tower
39:53 Scout Tower
39:56 Scout Tower
39:57 Scout Tower
39:58 Scout Tower
40:01 Scout Tower
40:03 Scout Tower
40:04 Scout Tower
40:06 Scout Tower
» items
CowardlyDoNuttn (
green | 56 APM | 2769 actions | 49:22)
9 Archmage
3 Summon Water Elemental
3 Brilliance Aura
1 Mass Teleport
2 Blizzard
» actions
| Assign group hotkey | 78 | |
| Basic commands | 498 | |
| Build / train | 94 | |
| Enter build submenu | 58 | |
| Enter hero's abilities submenu | 10 | |
| Give item / drop item | 6 | |
| Remove unit from queue | 5 | |
| Right click | 868 | |
| Select / deselect | 511 | |
| Select group hotkey | 326 | |
| Use ability | 315 | |
2769 total
» units
| Peasant | 12 | |
| Footman | 5 | |
| Goblin Shredder | 2 | |
| Goblin Zeppelin | 1 | |
| Dragonhawk Rider | -2 | |
| Goblin Sapper | 3 | |
| Gryphon Rider | 7 | |
28 total
» upgrades
| Lumber Harvesting | 2 | |
| Masonry | 3 | |
| Swords | 3 | |
| Armor | 3 | |
| Cloud | 1 | |
| Animal War Training | 1 | |
| Storm Hammers | 1 | |
14 total
» buildings
| Altar of Kings | 1 | |
| Barracks | 2 | |
| Farm | 12 | |
| Scout Tower | 32 | |
| Arcane Tower | 1 | |
| Arcane Vault | 2 | |
| Keep | 1 | |
| Lumber Mill | 1 | |
| Town Hall | 2 | |
| Guard Tower | 7 | |
| Castle | 1 | |
| Blacksmith | 2 | |
| Gryphon Aviary | 6 | |
70 total
» build order
00:37 Altar of Kings
00:38 Barracks
00:53 Barracks
00:55 Farm
01:05 Farm
01:06 Farm
01:28 Scout Tower
02:02 Farm
02:13 Arcane Tower
03:22 Arcane Vault
03:39 Keep
04:03 Lumber Mill
04:45 Town Hall
05:02 Scout Tower
05:05 Scout Tower
05:07 Scout Tower
05:11 Scout Tower
05:32 Guard Tower
05:41 Guard Tower
05:42 Arcane Vault
06:04 Guard Tower
07:20 Castle
07:28 Farm
08:09 Scout Tower
08:09 Scout Tower
08:09 Scout Tower
08:10 Scout Tower
08:10 Scout Tower
08:10 Scout Tower
08:12 Scout Tower
08:12 Scout Tower
08:12 Scout Tower
08:13 Scout Tower
08:14 Scout Tower
08:16 Scout Tower
09:12 Blacksmith
09:13 Blacksmith
09:17 Guard Tower
09:50 Guard Tower
10:37 Guard Tower
10:46 Scout Tower
10:46 Scout Tower
10:48 Scout Tower
10:51 Scout Tower
10:51 Scout Tower
10:53 Scout Tower
10:54 Scout Tower
10:54 Scout Tower
14:38 Guard Tower
14:57 Gryphon Aviary
14:57 Gryphon Aviary
14:58 Gryphon Aviary
14:59 Gryphon Aviary
14:59 Gryphon Aviary
15:00 Gryphon Aviary
21:55 Farm
21:55 Farm
21:56 Farm
21:56 Farm
21:56 Farm
21:57 Farm
21:58 Farm
25:49 Town Hall
25:57 Scout Tower
25:57 Scout Tower
25:58 Scout Tower
26:02 Scout Tower
26:03 Scout Tower
26:06 Scout Tower
26:08 Scout Tower
27:52 Guard Tower
» items
| Scroll of Regeneration | 9 | |
| Scroll of Town Portal | 7 | |
| Potion of Healing | 6 | |
| Rod of Necromancy | 1 | |
| Potion of Mana | 1 | |
| Lesser Clarity Potion | 1 | |
25 total
team 2 (winner)
moonfyre (
teal | 82 APM | 1905 actions | 23:09)
5 Keeper of the Grove
1 Force of Nature
3 Entangling Roots
1 Thorns Aura
» actions
| Basic commands | 165 | |
| Build / train | 98 | |
| Enter build submenu | 31 | |
| Enter hero's abilities submenu | 5 | |
| Remove unit from queue | 2 | |
| Right click | 955 | |
| Select / deselect | 533 | |
| Use ability | 116 | |
1905 total
» units
| Wisp | 27 | |
| Archer | 12 | |
| Dryad | 4 | |
| Druid of the Talon | 1 | |
| Mountain Giant | 15 | |
59 total
» upgrades
| Strength of the Wild | 3 | |
| Abolish Magic | 1 | |
| Druid of the Talon Training | 1 | |
| Reinforced Hides | 3 | |
| Resistant Skin | 1 | |
| Hardened Skin | 1 | |
| Nature's Blessing | 1 | |
| Backpack | 1 | |
12 total
» buildings
| Altar of Elders | 1 | |
| Moon Well | 8 | |
| Ancient of War | 1 | |
| Hunter's Hall | 1 | |
| Tree of Ages | 2 | |
| Tree of Life | 3 | |
| Ancient of Lore | 2 | |
| Ancient of Wind | 1 | |
| Ancient of Wonders | 1 | |
| Tree of Eternity | 4 | |
| Ancient Protector | 11 | |
35 total
» build order
00:09 Altar of Elders
00:11 Moon Well
00:45 Ancient of War
01:39 Moon Well
02:38 Hunter's Hall
03:18 Tree of Ages
03:18 Tree of Ages
03:39 Moon Well
05:39 Tree of Life
06:07 Ancient of Lore
06:48 Ancient of Wind
07:19 Ancient of Lore
07:26 Moon Well
07:56 Ancient of Wonders
08:44 Tree of Eternity
08:44 Tree of Eternity
08:45 Tree of Eternity
09:04 Ancient Protector
09:26 Moon Well
09:29 Moon Well
13:20 Ancient Protector
13:24 Ancient Protector
13:29 Ancient Protector
15:16 Moon Well
15:19 Moon Well
16:04 Ancient Protector
16:06 Ancient Protector
16:08 Ancient Protector
16:11 Ancient Protector
17:03 Ancient Protector
17:10 Ancient Protector
18:43 Tree of Life
20:15 Tree of Life
23:00 Ancient Protector
» items

»
bloodofwar- (
purple | 41 APM | 895 actions | 21:40)
6 Death Knight
2 Death Coil
2 Unholy Aura
1 Death Pact
1 Animate Dead
» actions
| Assign group hotkey | 17 | |
| Basic commands | 3 | |
| Build / train | 54 | |
| Enter build submenu | 15 | |
| Enter hero's abilities submenu | 6 | |
| Remove unit from queue | 3 | |
| Right click | 340 | |
| Select / deselect | 259 | |
| Select group hotkey | 158 | |
| Use ability | 40 | |
895 total
» units
| Acolyte | 11 | |
| Ghoul | 5 | |
| Crypt Fiend | 7 | |
| Frost Wyrm | 6 | |
29 total
» upgrades
| Creature Carapace | 3 | |
| Creature Attack | 3 | |
| Web | 1 | |
| Ghoul Frenzy | 1 | |
| Freezing Breath | 1 | |
9 total
» buildings
| Crypt | 1 | |
| Graveyard | 1 | |
| Ziggurat | 9 | |
| Altar of Darkness | 1 | |
| Nerubian Tower | 1 | |
| Halls of the Dead | 1 | |
| Black Citadel | 1 | |
| Sacrificial Pit | 1 | |
| Boneyard | 2 | |
| Spirit Tower | 1 | |
| Tomb of Relics | 1 | |
20 total
» build order
00:16 Crypt
00:23 Graveyard
00:42 Ziggurat
00:58 Altar of Darkness
01:31 Ziggurat
01:34 Nerubian Tower
02:57 Ziggurat
03:50 Halls of the Dead
05:04 Ziggurat
07:41 Black Citadel
07:51 Sacrificial Pit
08:14 Ziggurat
09:35 Ziggurat
09:38 Ziggurat
09:40 Ziggurat
09:42 Ziggurat
10:04 Boneyard
10:05 Boneyard
13:28 Spirit Tower
19:57 Tomb of Relics
» items
| Scroll of Town Portal | 1 | |
| Scroll of Regeneration | 1 | |
2 total
TheManWhoLaughs (
orange | 110 APM | 5451 actions | 49:22)
7 Archmage
3 Summon Water Elemental
3 Brilliance Aura
1 Mass Teleport
6 Mountain King
3 Storm Bolt
3 Bash
2 Keeper of the Grove
1 Tranquility
1 Thorns Aura
» actions
| Assign group hotkey | 121 | |
| Basic commands | 136 | |
| Build / train | 232 | |
| ESC pressed | 12 | |
| Enter build submenu | 113 | |
| Enter hero's abilities submenu | 16 | |
| Give item / drop item | 12 | |
| Right click | 1842 | |
| Select / deselect | 810 | |
| Select group hotkey | 1706 | |
| Use ability | 451 | |
5451 total
» units
| Peasant | 38 | |
| Footman | 14 | |
| Goblin Shredder | 3 | |
| Goblin Zeppelin | 3 | |
| Gryphon Rider | 6 | |
| Mortar Team | 1 | |
| Siege Engine | 1 | |
| Dragonhawk Rider | 4 | |
| Wisp | 4 | |
74 total
» upgrades
| Masonry | 3 | |
| Defend | 1 | |
| Swords | 3 | |
| Lumber Harvesting | 2 | |
| Armor | 3 | |
| Storm Hammers | 1 | |
| Cloud | 1 | |
| Animal War Training | 1 | |
| Backpack | 1 | |
| Barrage | 1 | |
| Flak Cannons | 1 | |
| Flying Machine Bombs | 1 | |
| Gunpowder | 3 | |
| Plating | 3 | |
| Long Rifles | 1 | |
| Sorceress Training | 2 | |
| Magic Sentry | 1 | |
| Priest Training | 1 | |
| Control Magic | 1 | |
31 total
» buildings
| Altar of Kings | 2 | |
| Barracks | 1 | |
| Farm | 19 | |
| Town Hall | 4 | |
| Arcane Vault | 2 | |
| Lumber Mill | 3 | |
| Keep | 7 | |
| Scout Tower | 42 | |
| Blacksmith | 2 | |
| Guard Tower | 48 | |
| Castle | 7 | |
| Gryphon Aviary | 6 | |
| Workshop | 3 | |
| Tree of Life | 2 | |
| Arcane Tower | 5 | |
| Altar of Elders | 1 | |
| Moon Well | 5 | |
| Hunter's Hall | 1 | |
| Tree of Ages | 5 | |
| Arcane Sanctum | 1 | |
| Ancient of Wind | 3 | |
169 total
» build order
00:15 Altar of Kings
00:18 Barracks
00:22 Farm
01:00 Farm
01:39 Farm
02:27 Farm
03:31 Town Hall
03:57 Arcane Vault
05:12 Lumber Mill
05:14 Lumber Mill
06:21 Keep
06:21 Keep
06:41 Farm
07:11 Scout Tower
07:12 Scout Tower
07:18 Scout Tower
07:19 Scout Tower
07:20 Scout Tower
07:20 Scout Tower
07:21 Scout Tower
07:23 Scout Tower
07:36 Blacksmith
07:41 Guard Tower
07:41 Guard Tower
07:46 Guard Tower
07:46 Guard Tower
07:47 Guard Tower
07:52 Guard Tower
07:53 Guard Tower
08:56 Castle
08:56 Castle
09:11 Farm
09:53 Gryphon Aviary
09:54 Gryphon Aviary
09:55 Gryphon Aviary
10:02 Gryphon Aviary
10:07 Farm
10:16 Farm
10:50 Scout Tower
10:51 Scout Tower
10:52 Scout Tower
10:56 Scout Tower
10:59 Scout Tower
11:50 Farm
11:53 Farm
13:28 Scout Tower
13:29 Scout Tower
13:30 Scout Tower
13:32 Scout Tower
13:35 Scout Tower
13:44 Scout Tower
13:53 Scout Tower
13:53 Scout Tower
13:55 Scout Tower
13:56 Scout Tower
13:58 Scout Tower
14:00 Guard Tower
14:00 Guard Tower
14:01 Guard Tower
14:08 Guard Tower
14:08 Guard Tower
14:11 Guard Tower
14:11 Guard Tower
14:12 Guard Tower
14:28 Guard Tower
14:28 Guard Tower
14:42 Guard Tower
15:20 Workshop
15:21 Workshop
15:22 Workshop
20:01 Farm
20:47 Town Hall
20:50 Scout Tower
20:51 Scout Tower
20:52 Scout Tower
20:54 Scout Tower
21:19 Guard Tower
21:19 Guard Tower
21:19 Guard Tower
21:30 Guard Tower
21:30 Guard Tower
21:31 Guard Tower
22:05 Scout Tower
22:07 Scout Tower
22:08 Scout Tower
22:09 Scout Tower
22:11 Scout Tower
22:15 Scout Tower
22:42 Guard Tower
22:42 Guard Tower
22:43 Guard Tower
22:44 Scout Tower
22:45 Scout Tower
22:47 Scout Tower
22:49 Scout Tower
22:51 Scout Tower
22:53 Scout Tower
23:29 Guard Tower
23:46 Guard Tower
23:46 Guard Tower
29:37 Altar of Kings
31:21 Town Hall
32:24 Keep
32:24 Keep
32:25 Keep
32:58 Arcane Vault
33:03 Scout Tower
33:08 Scout Tower
33:16 Tree of Life
33:22 Tree of Life
34:08 Arcane Tower
34:08 Arcane Tower
34:09 Arcane Tower
34:09 Arcane Tower
34:10 Arcane Tower
35:14 Castle
35:14 Castle
37:00 Altar of Elders
37:47 Moon Well
38:16 Moon Well
38:20 Moon Well
40:30 Hunter's Hall
40:33 Tree of Ages
40:33 Tree of Ages
40:33 Tree of Ages
41:20 Moon Well
44:05 Town Hall
44:38 Farm
46:12 Blacksmith
46:27 Lumber Mill
46:52 Arcane Sanctum
46:56 Gryphon Aviary
46:57 Gryphon Aviary
47:32 Farm
47:33 Farm
47:35 Farm
48:14 Farm
48:19 Farm
48:24 Farm
48:29 Farm
49:16 Ancient of Wind
49:17 Ancient of Wind
49:18 Ancient of Wind
49:21 Moon Well
» items
| Scroll of Regeneration | 6 | |
| Orb of Fire | 2 | |
| Staff of Sanctuary | 2 | |
| Scroll of Town Portal | 4 | |
| Potion of Healing | 3 | |
17 total
feeder11 (
blue | 103 APM | 2254 actions | 21:49)
4 Demon Hunter
1 Immolation
2 Evasion
1 Mana Burn
2 Firelord
1 Summon Lava Spawn
1 Soul Burn
» actions
| Assign group hotkey | 33 | |
| Basic commands | 78 | |
| Build / train | 63 | |
| ESC pressed | 2 | |
| Enter build submenu | 20 | |
| Enter hero's abilities submenu | 9 | |
| Right click | 1319 | |
| Select / deselect | 296 | |
| Select group hotkey | 387 | |
| Use ability | 47 | |
2254 total
» units
» upgrades
| Strength of the Moon | 2 | |
| Moon Armor | 2 | |
| Sentinel | 1 | |
| Improved Bows | 1 | |
| Strength of the Wild | 1 | |
| Marksmanship | 1 | |
8 total
» buildings
| Altar of Elders | 1 | |
| Moon Well | 5 | |
| Ancient of War | 2 | |
| Hunter's Hall | 1 | |
| Ancient of Wonders | 1 | |
| Tree of Ages | 1 | |
| Ancient Protector | 1 | |
| Tree of Life | 2 | |
| Tree of Eternity | 1 | |
| Ancient of Wind | 1 | |
| Chimaera Roost | 1 | |
17 total
» build order
00:14 Altar of Elders
00:26 Moon Well
00:59 Ancient of War
02:06 Hunter's Hall
02:15 Moon Well
02:42 Ancient of Wonders
03:04 Moon Well
03:59 Ancient of War
06:03 Tree of Ages
07:18 Moon Well
07:21 Moon Well
08:19 Ancient Protector
09:11 Tree of Life
13:21 Tree of Eternity
13:43 Ancient of Wind
19:02 Chimaera Roost
19:59 Tree of Life
» items
| Scroll of Town Portal | 2 | |
| Orb of Venom | 1 | |
3 total
Chat log
(00:12 / Allies) waterman609: yo team
(00:16 / Allies) MASTA_K1LLA: aye
(00:18 / Allies) withintheMatrix: help me clear fast
(00:22 / Allies) CowardlyDoNuttn: Make a lot of defenses people
(00:32 / Allies) CowardlyDoNuttn: If they attack me come to my aid
(00:32 / Allies) withintheMatrix: fucking nub
(00:40 / Allies) MASTA_K1LLA: lol
(00:45 / Allies) withintheMatrix: if we make alot of defense
(00:49 / Allies) withintheMatrix: we can't come to you
(00:52 / Allies) waterman609: xD
(01:01 / Allies) MASTA_K1LLA: *gets the popcorn
(01:26 / Allies) MASTA_K1LLA: ill go foots knights
(01:30 / Allies) waterman609: feinds
(01:36 / Allies) withintheMatrix: ill get
(01:38 / Allies) withintheMatrix: air
(01:57 / Allies) CowardlyDoNuttn: lumber gentlemen, I need it
(02:30 / Allies) CowardlyDoNuttn: Gold, brothers
(02:55 / Allies) withintheMatrix: yellow help
(02:59 / Allies) waterman609: sure
(03:07 / Allies) waterman609: we cant
(03:08 / Allies) waterman609: wait
(03:10 / Allies) withintheMatrix: wtf no items?
(03:11 / Allies) waterman609: more units
(03:39 / Allies) waterman609: sry forgot to make shop
(03:39 / Allies) withintheMatrix: are u new?
(03:46 / Allies) waterman609: nop
(03:57 / Allies) waterman609: i think we can now
(04:50 / Allies) waterman609: fro me
(04:53 / Allies) waterman609: cmon
(05:25 / Allies) withintheMatrix: red can u get air?
(05:27 / Allies) withintheMatrix: let me get melee
(05:32 / Allies) MASTA_K1LLA: XD
(05:34 / Allies) MASTA_K1LLA: k
(06:07 / Allies) CowardlyDoNuttn: lumber brothers
(08:01 / Allies) withintheMatrix: b
(09:14 / Allies) waterman609: help me
(09:16 / Allies) withintheMatrix: brt
(10:09 / Allies) waterman609: stay togehet
(10:12 / Allies) waterman609: meet here
(10:14 / Allies) waterman609: red
(10:15 / Allies) waterman609: green
(10:17 / Allies) waterman609: fast
(10:35 / Allies) waterman609: they coming here
(10:36 / Allies) waterman609: hurry
(10:47 / Allies) waterman609: green
(10:49 / Allies) waterman609: units here
(10:50 / Allies) waterman609: fucking
(10:53 / Allies) waterman609: wtf
(11:00 / Allies) waterman609: wait no
(11:01 / Allies) waterman609: pink
(11:02 / Allies) waterman609: no
(11:34 / Allies) withintheMatrix: out
(11:44 / Allies) waterman609: fihgt
(11:44 / Allies) CowardlyDoNuttn: why'd you tp out pink
(11:49 / Allies) CowardlyDoNuttn: b
(11:50 / Allies) withintheMatrix: i was dying
(11:58 / Allies) CowardlyDoNuttn: b yellow
(12:05 / Allies) CowardlyDoNuttn: only your hero was
(12:09 / All) TheManWhoLaughs: This is why I never go dual/tri hero in 4v4
(12:11 / All) TheManWhoLaughs: hero focusing faggot
(12:42 / Allies) withintheMatrix: wow
(12:43 / Allies) withintheMatrix: red
(12:46 / Allies) withintheMatrix: u got aa
(12:51 / Allies) MASTA_K1LLA: yes?
(13:51 / Allies) withintheMatrix: tgowers now
(14:35 / Allies) waterman609: come here
(14:55 / Allies) waterman609: tele
(15:26 / Allies) CowardlyDoNuttn: hit the xpo
(15:29 / Allies) CowardlyDoNuttn: the bottom expansion
(15:52 / All) TheManWhoLaughs: gay map and I played awful this game
(16:18 / Allies) waterman609: tower
(18:20 / Allies) CowardlyDoNuttn: stay there yellow
(18:21 / Allies) CowardlyDoNuttn: I tp to you
(18:22 / Allies) waterman609: lumber
(18:22 / Allies) waterman609: plz
(18:28 / Allies) waterman609: kk
(18:49 / Allies) waterman609: lumber me
(19:38 / Allies) waterman609: main
(21:02 / All) TheManWhoLaughs: Blue is taking my expo
(21:03 / All) TheManWhoLaughs: what a faggot
(21:14 / All) MASTA_K1LLA: lol
(21:29 / All) TheManWhoLaughs: actually that was teal I'm not paying attention at all
(21:45 / All) CowardlyDoNuttn: lol
(21:54 / All) TheManWhoLaughs: I must be secretly high this game or something I have no idea wtf I'm doing
(21:55 / All) waterman609: gg
(22:00 / All) TheManWhoLaughs: Not over yet nigger
(22:21 / All) MASTA_K1LLA: choo choo
(23:03 / All) waterman609: hello
(23:13 / All) TheManWhoLaughs: sup
(23:21 / All) waterman609: run run
(23:34 / All) TheManWhoLaughs: Don't get so cocky
(23:46 / All) MASTA_K1LLA: tanks for playing
(26:23 / Allies) withintheMatrix: wow nubs
(26:31 / Allies) withintheMatrix: tellow
(26:32 / Allies) withintheMatrix: wtf
(26:54 / Allies) MASTA_K1LLA: wtf green
(27:09 / Allies) waterman609: STOP TK
(27:49 / Allies) withintheMatrix: yellow wwtf
(28:06 / Allies) waterman609: STOP TK
(28:07 / Allies) waterman609: FUCKIGN
(28:12 / Allies) withintheMatrix: yellow move
(28:13 / Allies) withintheMatrix: dude
(28:18 / Allies) waterman609: its my mines..
(28:34 / Allies) withintheMatrix: thats urs scrub
(29:06 / All) TheManWhoLaughs: lawl I fucked that tp
(29:39 / Allies) waterman609: kill them
(29:39 / Allies) withintheMatrix: wow green
(29:41 / Allies) waterman609: not each other
(29:42 / Allies) waterman609: fuckers
(29:46 / Allies) withintheMatrix: stfu u scrub yellow
(30:12 / All) TheManWhoLaughs: i really have no idea wtf I was doing this game
(30:14 / All) TheManWhoLaughs: I plaeyd so badly
(30:14 / Allies) withintheMatrix: red share units
(30:23 / Allies) withintheMatrix: ill help you finish green
(30:23 / Allies) withintheMatrix: red
(30:25 / Allies) withintheMatrix: share units now
(31:20 / Allies) withintheMatrix: kill green yellow
(31:36 / Allies) withintheMatrix: tanks
(32:01 / Allies) withintheMatrix: wow fucking nub yellow
(32:02 / Allies) withintheMatrix: u scrub
(32:10 / Allies) withintheMatrix: u shit face
(32:14 / Allies) waterman609: ???
(32:18 / Allies) withintheMatrix: u suck
(32:21 / Allies) withintheMatrix: kill green or we lose
(32:31 / Allies) withintheMatrix: u took my mine
(32:35 / Allies) waterman609: WHY KILL GREEN
(32:35 / Allies) withintheMatrix: now i can't produce u shit face
(32:43 / Allies) withintheMatrix: cuz u stuipd ass bitch
(32:45 / Allies) MASTA_K1LLA: kill green
(32:46 / Allies) MASTA_K1LLA: he tk
(32:55 / Allies) withintheMatrix: too late nub
(32:58 / Allies) withintheMatrix: u think too slow
(33:01 / Allies) withintheMatrix: share units yellow
(33:19 / Allies) withintheMatrix: yellow share units
(33:20 / Allies) withintheMatrix: u nub
(33:24 / Allies) waterman609: stfu
(33:33 / Allies) withintheMatrix: wow this scrub
(33:47 / Allies) withintheMatrix: get their air
(33:48 / Allies) withintheMatrix: u nub
(33:53 / Allies) withintheMatrix: lol
(34:11 / Allies) waterman609: why green?
(34:16 / Allies) withintheMatrix: cuz u shit
(34:18 / Allies) waterman609: i dont get it
(34:20 / Allies) waterman609: why u tk?
(34:22 / All) CowardlyDoNuttn: this game was rigged from the start, dig?
(34:30 / Allies) withintheMatrix: nah nig
(34:31 / All) TheManWhoLaughs: Yes it was
(34:34 / All) TheManWhoLaughs: told you it wasn't over
(34:35 / All) withintheMatrix: LOL
(34:37 / All) withintheMatrix: these fools
(34:40 / All) TheManWhoLaughs: I played terrible this game he shouldn't have had to cut it this close
(34:42 / All) withintheMatrix: to begin with
(34:44 / All) TheManWhoLaughs: o well still a successful stab
(34:45 / All) waterman609: dont get it why this fucker green
(34:56 / All) withintheMatrix: ciz green is oj friend u dumb wit
(35:07 / All) withintheMatrix: these two wiggas
(35:10 / All) withintheMatrix: doing it small
(35:12 / All) withintheMatrix: scrub wiggas
(35:18 / All) waterman609: why dont u play as a team then u fuckers
(35:22 / All) TheManWhoLaughs: You are 23-25 now
(35:24 / All) TheManWhoLaughs: We are lol
(35:27 / All) TheManWhoLaughs: just on the opposite teams
(35:27 / All) withintheMatrix: cuz they suck
(35:47 / All) withintheMatrix: this is the only way they can help win each other
(35:52 / Allies) MASTA_K1LLA: well gg
(35:57 / All) TheManWhoLaughs: We are 0-0 it is not about the wins
(35:58 / Allies) MASTA_K1LLA: u piece of shit yellow
(36:01 / All) TheManWhoLaughs: It's about making kids on ladder rage
(36:05 / Allies) MASTA_K1LLA: noob lol
(36:07 / Allies) withintheMatrix: yellow is shit
(36:09 / Allies) withintheMatrix: like i said
(36:11 / Allies) waterman609: sure.
(36:15 / Allies) waterman609: green tks
(36:16 / Allies) waterman609: and im shit
(36:18 / Allies) withintheMatrix: he taking my expansion was a definate loss for us
(36:19 / Allies) waterman609: ,.
(36:37 / All) waterman609: so guys
(36:41 / All) waterman609: who do u want to win
(36:47 / All) waterman609: which side u want einer?
(36:47 / All) TheManWhoLaughs: Your team has a player left
(36:48 / All) CowardlyDoNuttn: anybody but you
(36:49 / All) TheManWhoLaughs: It gets the loss
(37:11 / All) CowardlyDoNuttn: Yellow if you leave we'll let his side get the loss
(37:13 / All) CowardlyDoNuttn: and you'll get a tie
(37:20 / All) CowardlyDoNuttn: it'll be like this game never happened for you
(37:26 / All) waterman609: Sure.
(37:37 / All) CowardlyDoNuttn: If you stay you have to get a loss on your recorad
(37:44 / All) waterman609: cool
(37:47 / All) waterman609: im be afk
(37:51 / All) waterman609: enjoy w.e this is
(38:08 / All) CowardlyDoNuttn: have it your way
(38:13 / All) waterman609: so green want the loss?
(38:23 / All) TheManWhoLaughs: We are 0-0 you fool
(38:36 / All) waterman609: and?
(38:40 / All) waterman609: now 1 will be 1
(38:44 / All) waterman609: other will be 0
(38:47 / All) TheManWhoLaughs: We do not care about our records
(38:51 / All) TheManWhoLaughs: We are on new accounts
(38:53 / All) TheManWhoLaughs: we won't reuse them
(38:59 / All) TheManWhoLaughs: You will be a 7-8 sub-50% trash
(39:02 / All) waterman609: so why troll like this?
(39:14 / All) TheManWhoLaughs: for the lulz, for the schadenfreude, the skadeglädje
(41:28 / All) waterman609: neither do i care abt stats btw
(41:36 / All) TheManWhoLaughs: you would have left then for the loss
(41:39 / All) TheManWhoLaughs: and queued another game
(41:56 / All) waterman609: you see im not wasting time
(41:57 / All) waterman609: u are
(41:58 / All) waterman609: rofl
(42:09 / All) TheManWhoLaughs: Are you having as much fun as I am "wasting time"?
(42:19 / All) waterman609: more fun
(42:23 / All) waterman609: got a girl in here
(42:25 / All) waterman609: blowing me
(42:30 / All) TheManWhoLaughs: lol
(42:44 / All) waterman609: so yeah much more fun than u think
(42:47 / All) TheManWhoLaughs: Is she giving you pity sex after seeing how unintelligent you are based off of your typing?
(42:56 / All) TheManWhoLaughs: also how long until you get charged for molesting a minor?
(43:06 / All) waterman609: NIl
(43:24 / All) TheManWhoLaughs: English motherfucker talar du engelska?
(44:02 / All) CowardlyDoNuttn: Did you enjoy yourself, yellow?
(44:10 / All) waterman609: hel yeah
(44:11 / All) TheManWhoLaughs: He is getting a blowjob from his little sister
(44:14 / All) TheManWhoLaughs: He is having a good time
(44:18 / All) TheManWhoLaughs: wonder how much he had to pay her
(44:31 / All) CowardlyDoNuttn: You like being backstabbed?
(44:35 / All) waterman609: your sis blowing me
(44:50 / All) TheManWhoLaughs: I don't have a sis. He is a post-op
(44:50 / Allies) CowardlyDoNuttn: When that dies you lose
(44:58 / All) waterman609: well let it
(45:00 / All) waterman609: like i care
(45:06 / All) TheManWhoLaughs: You're gay?
(45:11 / All) waterman609: im just playing for fun noobs
(45:13 / Allies) CowardlyDoNuttn: Any more pearls of wisdom?
(45:20 / All) TheManWhoLaughs: this is fun for you?
(45:28 / All) waterman609: yeah
(45:34 / All) waterman609: looking at 2 noobs
(45:36 / All) waterman609: trolling around
(45:39 / All) waterman609: like dickheads
(45:43 / All) waterman609: mofos
(45:46 / All) waterman609: cunt whores
(45:47 / All) waterman609: :)
(45:50 / All) waterman609: loving it
(45:52 / Allies) CowardlyDoNuttn: Dispense with the wisdom, honored sage
(46:05 / All) TheManWhoLaughs: I am deeply offended by your original insults. I've never heard any of those before while backstabbing in 4v4 RT on WC3: The
(46:07 / All) TheManWhoLaughs: Frozen Throne
(46:07 / All) waterman609: you cant test my patience bras
(46:28 / All) waterman609: i got endless pateince rofl
(46:37 / All) waterman609: troll arouind more
(46:46 / All) TheManWhoLaughs: We'll see about that